 Dungeon Crawl Stone Soup version 0.28-a0-1038-g9c4cb8273d (webtiles) character file.

Game seed: 6464844717428988157

3 GregHouse the Chopper (level 1, -3/20 HPs)
             Began as a Hill Orc Monk on Dec 8, 2021.
             Slain by a gnoll (4 damage)
             ... on level 1 of the Dungeon.
             The game lasted 00:00:54 (131 turns).

GregHouse the Chopper (Hill Orc Monk)                Turns: 131, Time: 00:00:54

Health: -3/20      AC:  2    Str: 13    XL:     1   Next: 50%
Magic:  1/1        EV: 12    Int: 10    God:
Gold:   0          SH:  0    Dex: 13    Spells: 0/0 levels left

rFire   . . .      SeeInvis .   a - +0 hand axe
rCold   . . .      Faith    .   (no shield)
rNeg    . . .      Spirit   .   b - +0 robe
rPois   .          Reflect  .   (no helmet)
rElec   .          Harm     .   (no cloak)
rCorr   .          Rampage  .   (no gloves)
Will    .....                   (no boots)
Stlth   ++........              (no amulet)
HPRegen 0.06/turn               (no ring)
MPRegen 0.07/turn               (no ring)

@: no status effects
A: no striking features
a: no special abilities


You were on level 1 of the Dungeon.
You visited 1 branch of the dungeon, and saw 2 of its levels.

Inventory:

Hand Weapons
 a - a +0 hand axe (weapon)
Armour
 b - a +0 robe (worn)


   Skills:
 + Level 3.7 Fighting
 + Level 4.1 Axes
 + Level 2.4 Dodging
 + Level 1.5 Stealth


You couldn't memorise any spells.
You didn't know any spells.
Your spell library was empty.

Dungeon Overview and Level Annotations

Branches:
Dungeon (2/15)

Altars:


Message History

You kill the kobold!
You hit the kobold but do no damage. The kobold hits you with a +0 club.
You miss the kobold. The kobold hits you with a +0 club.
The gnoll hits you from afar with a +0 spear.
The kobold barely misses you. The gnoll misses you.
The kobold throws a stone.
The stone misses you.
The kobold throws a stone.
The stone hits you.
The kobold throws a stone.
The stone hits you.
You see here a +0 club.
The hobgoblin closely misses you.
You open the door.
The gnoll hits you from afar with a +0 spear.
* * * LOW HITPOINT WARNING * * *
The hobgoblin hits you.
* * * LOW HITPOINT WARNING * * *
The kobold misses you.
There is an open door here.
There is a stone staircase leading down here.
The hobgoblin hits you.
* * * LOW HITPOINT WARNING * * *
You climb downwards.
Found 19 arrows, a scroll labelled JIDIEL DAK WUO and 10 gold pieces.
Found an escape hatch in the floor.
Found a stone staircase leading up.
There is a stone staircase leading up here.
You hit the hobgoblin.
You kill the hobgoblin!
The endoplasm quivers.
You climb upwards.
There is a stone staircase leading down here.
A kobold is nearby!
The kobold throws a stone.
The stone hits you but does no damage. The gnoll barely misses you.
You hit the gnoll.
The gnoll is heavily wounded.
You hit the plant.
The plant begins to die.
You hit the plant.
The plant begins to die.
The gnoll misses you.
You hit the gnoll.
The gnoll is severely wounded.
You hit the plant. x2; The gnoll hits you with a +0 spear.
You die...

#. #####..##.#####
..♣♣PP♣♣..#......#
#.####..##### .##......#
#.#.'...≈≈≈≈≈. +......#
#...#############.######
##.......######...#
#######.g##.#......###
.................######
###......)............#


You could see a gnoll and a kobold.

Vanquished Creatures
  A hobgoblin (D:2)
  A kobold (D:1)
  A goblin (D:1)
3 creatures vanquished.

Vanquished Creatures (others)
  A demonic plant (D:2)
1 creature vanquished.

Grand Total: 4 creatures vanquished

Notes
Turn   | Place    | Note
-------+----------+-------------------------------------------
     0 | D:1      | GregHouse the Hill Orc Monk began the quest for the Orb.
     0 | D:1      | Reached XP level 1. HP: 19/19 MP: 1/1
   118 | D:1      | HP: 1/20 [hobgoblin (2)]
   131 | D:1      | Slain by a gnoll

Illustrated notes

Levels and vault maps discovered:
D:1:      tarquinn_simple_flora_water_b, layout_rooms, serial_shops,
          nicolae_shop_bloodbath_and_beyond, grunt_decor_fettered,
          minmay_close_crescents
D:2:      layout_rooms, shapermc_ecumenical_altar_gd, kennysheep_generic_room_13

Action                   || total
-------------------------++-------
Melee: Hand axe          ||    11
Armor: Robe              ||     1
Dodge: Dodged            ||    14

Table legend: (Time is in decaauts)
 A = Elapsed time spent in this place.
 B = Non-inter-level travel time spent in this place.
 C = Inter-level travel time spent in this place.
 D = Time resting spent in this place.
 E = Time spent auto-exploring this place.
 F = Levels seen in this place.
 G = Mean time per level.
                   A        B        C        D        E       F      G
               +--------+--------+--------+--------+--------+-----+--------+
         Total |    132 |    132 |      0 |      0 |     51 |   2 |   66.0 |
       Dungeon |    132 |    132 |      0 |      0 |     51 |   2 |   66.0 |
               +--------+--------+--------+--------+--------+-----+--------+

Top non-repeatable levels by time:
     D:1: 125 daAuts
     D:2: 6 daAuts
